 Dungeon Crawl Stone Soup version 0.28.0 (webtiles) character file.

Game seed: 13554866369429389296

1545 hawla the Conjurer (level 8, -1/70 HPs)
             Began as a Purple Draconian Conjurer on Feb 12, 2022.
             Was a Follower of Vehumet.
             Slain by an orc warrior (7 damage)
             ... in a bailey on Feb 13, 2022.
             The game lasted 00:29:37 (7968 turns).

hawla the Conjurer (Purple Draconian Conjurer)      Turns: 7968, Time: 00:29:38

Health: -1/70      AC:  8    Str: 10    XL:     8   Next: 56%
Magic:  10/17      EV: 11    Int: 20    God:    Vehumet [*.....]
Gold:   215        SH:  9    Dex: 10    Spells: 13/19 levels left

rFire   . . .      SeeInvis .   p - +2 rapier (venom)
rCold   . . .      Faith    .   l - +1 buckler
rNeg    . . .      Spirit   .   (armour unavailable)
rPois   .          Reflect  +   (helmet restricted)
rElec   .          Harm     .   (no cloak)
rCorr   .          Rampage  .   d - +0 pair of gloves
Will    +....                   g - +0 pair of boots
Stlth   ++........              e - amulet of reflection
HPRegen 0.21/turn               (no ring)
MPRegen 0.15/turn               (no ring)

@: no status effects
A: breathe power, AC +6, unfitting armour, cold-blooded
a: Breathe Dispelling Energy, Renounce Religion


You were in a bailey.
You worshipped Vehumet.
Vehumet was aware of your devotion.
You visited 1 branch of the dungeon, and saw 7 of its levels.
You also visited: Bailey.

You collected 410 gold pieces.
You spent 195 gold pieces at shops.

Inventory:

Hand Weapons
 p - a +2 rapier of venom (weapon)
Missiles
 y - 3 poisoned darts (quivered)
 B - 2 boomerangs
Armour
 d - a +0 pair of gloves (worn)
 g - a +0 pair of boots (worn)
 l - a +1 buckler (worn)
Jewellery
 e - an amulet of reflection (around neck)
 f - a ring of fire
 k - an amulet of the acrobat
 s - a ring of fire
Wands
 c - a wand of paralysis (11)
 i - a wand of flame (9)
 n - a wand of polymorph (7)
 w - a wand of digging (2)
Scrolls
 a - 4 scrolls of amnesia
 r - 2 scrolls of fog
 t - a scroll of noise
 u - 2 scrolls of magic mapping
 x - a scroll of enchant weapon
Potions
 h - 2 potions of haste
 j - a potion of flight
 o - 2 potions of magic
 q - a potion of attraction


   Skills:
 + Level 6.0 Fighting
 - Level 2.0 Throwing
 + Level 2.1 Dodging
 - Level 2.0 Stealth
 + Level 0.3 Shields
 - Level 6.0 Spellcasting
 - Level 6.0 Conjurations
 - Level 2.0 Hexes
 - Level 4.0 Necromancy
 - Level 1.0 Earth Magic
 - Level 2.1 Evocations


You had 13 spell levels left.
You knew the following spells:

 Your Spells              Type           Power      Damage    Failure   Level
a - Magic Dart            Conj           100%       1d8       1%          1
b - Searing Ray           Conj           60%        2d6       1%          2
c - Dazzling Flash        Conj/Hex       44%        N/A       9%          3

Your spell library contained the following spells:

 Spells                   Type           Power      Damage    Failure   Level
 Foxfire                  Conj/Fire      72%        2x1d7     4%          1
 Corpse Rot               Necr/Air       28%        N/A       10%         2
 Ensorcelled Hibernation  Hex/Ice        20%        N/A       14%         2
 Passwall                 Tmut/Erth      6%         N/A       17%         2
 Dispel Undead            Necr           22%        3d12      26%         4
 Fulminant Prism          Conj/Hex       11%        3d9       26%         4
 Swiftness                Air            6%         N/A       38%         3
 Iskenderun's Mystic Bla  Conj/Tloc      18%        2d6       38%         4
 Death Channel            Necr           11%        N/A       99%         6


Dungeon Overview and Level Annotations

Branches:
Dungeon (7/15)             Temple (0/1) D:6          Bailey (1/1)

Altars:
Elyvilon
Fedhas
Gozag
Hepliaklqana
Kikubaaqudgha
Okawaru
Ru
Vehumet
The Shining One

Shops:
D:5 !   D:7 =

Annotations:
D:6 2 runed translucent doors, Jingleheimer's ghost, novice MiHu


Innate Abilities, Weirdness & Mutations

You can breathe bolts of dispelling energy.
Your rich purple scales are hard. (AC +6)
You cannot fit into any form of body armour.
You are cold-blooded and may be slowed by cold attacks.


Message History

The orc warrior is lightly wounded.
The orc warrior closely misses you.
The searing ray hits the orc warrior but does no damage.
The orc warrior is lightly wounded.
You block the orc warrior's attack.
The searing ray hits the orc warrior.
The orc warrior is lightly wounded.
You finish channelling your searing ray.
The orc warrior hits you with a +0 war axe!
* * * LOW HITPOINT WARNING * * *
Casting: Searing Ray (safe; 1% risk of failure)
Confirm with . or Enter, or press ? or * to list all spells.
Casting: Dazzling Flash (dangerous; 9% risk of failure)
Press: ? - help, Dir - look around, f - activate The orc warrior is dazzled.
The orc warrior hits you with a +0 war axe.
* * * LOW HITPOINT WARNING * * *
Okay, then.
As you read the scroll labelled IMIMUD RAGG, it crumbles to dust.
It is a scroll of enchant armour.
Your +0 buckler glows green for a moment.
The gnoll hits you with a +0 hand axe.
* * * LOW HITPOINT WARNING * * *
The orc warrior closely misses you.
Okay, then.
You feel better.
An orc comes into view. It is wielding a +0 hand axe.
The gnoll hits you with a +0 hand axe.
* * * LOW HITPOINT WARNING * * *
The orc warrior hits you with a +0 war axe!
* * * LOW HITPOINT WARNING * * *
As you read the scroll labelled UBLAKHL POCO, it crumbles to dust.
It is a scroll of enchant weapon.
Your +1 rapier of venom glows red for a moment.
The orc warrior is no longer blind.
The gnoll hits you with a +0 hand axe.
* * * LOW HITPOINT WARNING * * *
The orc warrior barely misses you. The gnoll hits you but does no damage.
The orc warrior hits you with a +0 war axe!
You die...

#.......##
.........#
.......g.##
....⌠.....#######
.........##.....##
o.g......#.g.....#
#......[##o@.....##
#.....)['[).......'
##.....##[.......o##
#######.....⌠.....#
##...).))..##
#...).....#
##.......##
#...)...# ##.....##


You could see an orc warrior, a gnoll and an orc (wandering).

Vanquished Creatures
  3 orc warriors (Bailey)
  3 sky beasts
  An ice beast (D:5)
  3 ogres
  A scorpion (D:5)
  A hound (D:5)
  2 jellies
  3 orc priests
  2 bullfrog skeletons (D:4)
  2 iguanas
  3 orc wizards
  2 gnolls
  6 adders
  A white imp (D:5)
  An ufetubus (D:6)
  A dart slug (D:1)
  21 orcs
  6 bats
  9 endoplasms
  2 giant cockroaches
  9 goblins
  21 hobgoblins
  10 jackals
  4 quokkas
  4 ball pythons
  9 frilled lizards
  5 kobolds
  7 rats
142 creatures vanquished.

Vanquished Creatures (others)
  4 plants (D:7)
4 creatures vanquished.

Grand Total: 146 creatures vanquished

Notes
Turn   | Place    | Note
-------+----------+-------------------------------------------
     0 | D:1      | hawla the Draconian Conjurer began the quest for the Orb.
     0 | D:1      | Reached XP level 1. HP: 14/14 MP: 3/3
   484 | D:1      | Reached XP level 2. HP: 20/20 MP: 3/5
   487 | D:1      | Learned a level 2 spell: Searing Ray
  1285 | D:1      | Reached XP level 3. HP: 26/26 MP: 0/7
  1685 | D:2      | Found a faded altar of an unknown god.
  2477 | D:2      | Reached XP level 4. HP: 24/33 MP: 10/10
  2873 | D:3      | Reached skill level 1 in Fighting
  2873 | D:3      | Reached skill level 1 in Evocations
  2882 | D:3      | Reached skill level 1 in Throwing
  3056 | D:3      | Noticed an ogre
  3070 | D:3      | Killed an ogre
  3071 | D:3      | Reached XP level 5. HP: 36/41 MP: 1/11
  3448 | D:3      | Found an opulent altar of Gozag.
  3448 | D:3      | Found a hazy altar of Hepliaklqana.
  3450 | D:3      | Found a blossoming altar of Fedhas.
  3453 | D:3      | Found a sacrificial altar of Ru.
  3454 | D:3      | Found a radiant altar of Vehumet.
  3495 | D:3      | Became a worshipper of Vehumet
  3813 | D:4      | Reached XP level 6. HP: 21/48 MP: 6/12
  4257 | D:4      | Reached skill level 5 in Conjurations
  4957 | D:5      | Entered Level 5 of the Dungeon
  4957 | D:5      | Found Egoup's Distillery.
  4960 | D:5      | Bought a potion of magic for 120 gold pieces
  4960 | D:5      | Bought a potion of heal wounds for 75 gold pieces
  4961 | D:5      | Noticed an ice beast
  4966 | D:5      | Killed an ice beast
  4967 | D:5      | Reached skill level 1 in Necromancy
  4967 | D:5      | Your scales start taking on a rich purple colour.
  4967 | D:5      | Reached XP level 7. HP: 56/56 MP: 5/14
  5031 | D:5      | Learned a level 3 spell: Dazzling Flash
  5048 | D:5      | Found a white marble altar of Elyvilon.
  5056 | D:5      | Reached skill level 5 in Spellcasting
  5115 | D:5      | You fall into a shaft and drop 1 floor!
  5131 | D:6      | Reached skill level 1 in Hexes
  5609 | D:5      | Reached * piety under Vehumet
  5609 | D:5      | Offered knowledge of Foxfire by Vehumet.
  6221 | D:5      | Found an ancient bone altar of Kikubaaqudgha.
  6547 | D:5      | Found an iron altar of Okawaru.
  6547 | D:5      | Found a glowing golden altar of the Shining One.
  6805 | D:6      | Reached skill level 1 in Earth Magic
  6931 | D:6      | Reached XP level 8. HP: 22/66 MP: 11/16
  7263 | D:6      | Found a staircase to the Ecumenical Temple.
  7305 | D:6      | Found a large runed translucent door.
  7306 | D:6      | Found a large runed translucent door.
  7310 | D:6      | Noticed Jingleheimer's ghost (novice MiHu)
  7386 | D:7      | Found Bobb's Jewellery Boutique.
  7415 | D:7      | Found a flagged portal.
  7505 | Bailey   | Entered a bailey
  7894 | Bailey   | Reached skill level 5 in Fighting
  7968 | Bailey   | Slain by an orc warrior

Illustrated notes

Levels and vault maps discovered:
D:1:      heliophobic_arrival_henge, layout_loops_cross
D:2:      layout_loops_ring, chequers_ecumenical_altar_island
D:3:      layout_rooms, grunt_temple_overflow_open, minmay_quadrilaterals
D:4:      layout_layer_cave, minmay_misc_feat_more_columns
D:5:      layout_loops_ring, kiku_gazebo_pond_becter,
          gammafunk_temple_overflow_wave, elyvilon_altar_5,
          nicolae_stop_n_shop_2, minmay_misc_feat_enclosed,
          hangedman_decor_lopped, lemuel_flamethrower_2
D:6:      layout_loops_ring, minmay_temple_entry_ruins, serial_rivers,
          chequers_serial_rivers_large_b, chequers_serial_rivers_room_a,
          chequers_serial_rivers_small_b, chequers_serial_rivers_marsh,
          chequers_serial_rivers_small_b, chequers_serial_rivers_small_3,
          ebering_ghost_disaster_area, amcnicky_mini_corridor_feature,
          hangedman_decor_slide_cut, chequers_serial_rivers_micro_c,
          st_stairs_8, grunt_ministairs_11
D:7:      layout_basic, serial_shops, shop_statue, enter_bailey_4,
          nrook_pool_corridor, dk_noncrumbling_3, chequers_big_river,
          minmay_gold_behind_fungi, eino_small_chamber_without_monster,
          minivault_10
Bailey:   bailey_axe_minmay_hex_keep, bailey

Skill      XL: |  1  2  3  4  5  6  7  8 |
---------------+-------------------------+-----
Spellcasting   | 3 4 5 6 |  6.0
Fighting       | 2 4 6 |  6.0
Evocations     | 1 2 |  2.1
Throwing       | 1 2 |  2.0
Stealth        | 2 |  2.0
Dodging        | 2 |  2.1
Conjurations   | 6 |  6.0
Necromancy     | 1 3 4 |  4.0
Hexes          | 2 |  2.0
Earth Magic    | 1 |  1.0
Shields        | |  0.3

Action                   |  1- 3 |  4- 6 |  7- 9 || total
-------------------------+-------+-------+-------++-------
Melee: Unarmed           |    11 |       |       ||    11
       Tailslap          |     9 |     9 |    14 ||    32
       Dagger            |    62 |    74 |       ||   136
       Punch             |     1 |       |       ||     1
       Rapier            |       |    19 |   114 ||   133
 Cast: Magic Dart        |    40 |    14 |     4 ||    58
       Searing Ray       |    19 |    17 |    16 ||    52
       Dazzling Flash    |       |       |    10 ||    10
  Use: Scroll            |     3 |     2 |    10 ||    15
       Potion            |       |       |     7 ||     7
 Stab: Sleeping          |     2 |     2 |       ||     4
       Invisible         |       |       |     2 ||     2
Armor: Skin              |    18 |    51 |    57 ||   126
Dodge: Dodged            |    51 |    60 |   105 ||   216
Block: Buckler           |       |     6 |    51 ||    57
